[ PARTIDA AOE2 · #476687241 ]
Team RMMaya vs Gurjaras
[ ANÁLISIS DE REPETICIÓN · EXTRAÍDO DE LA PARTIDA GRABADA ]
Feudal
14:13
Castillos
18:15
Imperial
40:17
| APM promedio | 40.7 |
| APM pico | 89 |
| eAPM promedio | 18.9 |
| Aldeanos / militares | 125 / 175 |
Foco
⚔️ 46.3% · 🌾 53.7%
Spearman ×84 · Plumed Archer ×83 · Trebuchet (Packed) ×5 · Monk ×3
Feudal
—
Castillos
—
Imperial
—
| APM promedio | 34.1 |
| APM pico | 74 |
| eAPM promedio | 18.2 |
| Aldeanos / militares | 167 / 283 |
Foco
⚔️ 39.4% · 🌾 60.6%
Scout Cavalry ×136 · Chakram Thrower ×55 · Skirmisher ×50 · Shrivamsha Rider ×31 · Camel Scout ×5 · Trebuchet (Packed) ×5
Feudal
15:45
Castillos
22:24
Imperial
—
| APM promedio | 21.4 |
| APM pico | 66 |
| eAPM promedio | 13.8 |
| Aldeanos / militares | 85 / 70 |
Foco
⚔️ 34.1% · 🌾 65.9%
Camel Scout ×25 · Scout Cavalry ×13 · Monk ×12 · Spearman ×10 · Mangonel ×9 · Knight ×1
Feudal
—
Castillos
—
Imperial
—
| APM promedio | 25.2 |
| APM pico | 43 |
| eAPM promedio | 16.2 |
| Aldeanos / militares | 140 / 105 |
Foco
⚔️ 39.9% · 🌾 60.1%
Scout Cavalry ×41 · Cavalry Archer ×28 · Knight ×18 · Steppe Lancer ×11 · Mangonel ×6 · Monk ×1
Mapa de la partida
Recursos iniciales + cada clic de construcción. Líneas = muros · curvas = relieve. ◆ oro · ⬟ piedra · ● bayas · ✦ reliquia · ◌ hueco del cierre
Tu base· Abierta — flanco sin cerrar
Base de Chiefboy AK· Abierta — flanco sin cerrar
Base de Caveman· Abierta — hueco de 3t
Base de Ice2207· Abierta — hueco de 4t
Terreno inicial suavizado · ◌ = hueco del cierre detectado · pasá el cursor para detalles
Inputs por minuto
— Flux - - Chiefboy AK
Build order — Flux
Primeras 150 de 438 acciones detectadas
| 0:47 | Construir | Town Center |
| 2:24 | Construir | House |
| 2:58 | Crear | Villager (Male) |
| 2:58 | Crear | Villager (Male) |
| 2:58 | Crear | Villager (Male) |
| 4:06 | Investigar | Loom |
| 4:39 | Crear | Villager (Male) |
| 4:40 | Crear | Villager (Male) |
| 4:44 | Crear | Villager (Male) |
| 4:44 | Crear | Villager (Male) |
| 5:15 | Construir | House |
| 5:30 | Crear | Villager (Male) |
| 5:31 | Crear | Villager (Male) |
| 5:39 | Construir | House |
| 5:59 | Crear | Villager (Male) |
| 5:59 | Crear | Villager (Male) |
| 5:59 | Crear | Villager (Male) |
| 6:35 | Crear | Villager (Male) |
| 6:35 | Crear | Villager (Male) |
| 7:03 | Crear | Villager (Male) |
| 7:10 | Crear | Villager (Male) |
| 7:10 | Crear | Villager (Male) |
| 7:28 | Construir | House |
| 7:38 | Construir | Palisade Wall |
| 7:45 | Crear | Villager (Male) |
| 8:18 | Construir | Mining Camp |
| 8:50 | Crear | Villager (Male) |
| 8:50 | Crear | Villager (Male) |
| 9:16 | Construir | House |
| 9:41 | Crear | Villager (Male) |
| 9:41 | Crear | Villager (Male) |
| 10:33 | Crear | Villager (Male) |
| 10:57 | Crear | Villager (Male) |
| 10:57 | Crear | Villager (Male) |
| 11:40 | Construir | Mill |
| 11:49 | Construir | House |
| 11:50 | Construir | Palisade Wall |
| 12:03 | Investigar | Feudal Age |
| 13:31 | Construir | House |
| 13:32 | Construir | Palisade Wall |
| 13:57 | Crear | Villager (Male) |
| 13:58 | Crear | Villager (Male) |
| 14:13 | Edad | Edad Feudal |
| 14:18 | Construir | Market |
| 14:26 | Construir | Blacksmith |
| 15:15 | Construir | House |
| 15:16 | Construir | Palisade Wall |
| 15:35 | Investigar | Castle Age |
| 15:55 | Construir | Lumber Camp |
| 16:27 | Investigar | Double-Bit Axe |
| 17:27 | Investigar | Fletching |
| 17:52 | Investigar | Town Watch |
| 18:07 | Construir | Palisade Gate |
| 18:15 | Edad | Edad de los Castillos |
| 18:24 | Construir | Castle |
| 19:08 | Crear | Villager (Male) |
| 19:28 | Crear | Plumed Archer |
| 19:28 | Crear | Plumed Archer |
| 19:29 | Crear | Plumed Archer |
| 19:39 | Construir | Town Center |
| 19:48 | Crear | Villager (Male) |
| 19:48 | Crear | Villager (Male) |
| 19:49 | Crear | Plumed Archer |
| 19:49 | Crear | Plumed Archer |
| 19:49 | Crear | Plumed Archer |
| 19:49 | Crear | Plumed Archer |
| 19:54 | Investigar | Bodkin Arrow |
| 20:33 | Crear | Villager (Male) |
| 21:14 | Crear | Villager (Male) |
| 21:16 | Construir | Farm |
| 21:19 | Construir | Farm |
| 21:22 | Construir | Farm |
| 21:25 | Crear | Plumed Archer |
| 21:47 | Crear | Plumed Archer |
| 21:48 | Crear | Plumed Archer |
| 21:48 | Crear | Villager (Male) |
| 21:49 | Crear | Villager (Male) |
| 21:55 | Crear | Plumed Archer |
| 21:56 | Crear | Plumed Archer |
| 22:04 | Crear | Villager (Male) |
| 22:04 | Crear | Villager (Male) |
| 22:16 | Crear | Plumed Archer |
| 22:17 | Crear | Plumed Archer |
| 22:17 | Crear | Plumed Archer |
| 22:17 | Crear | Villager (Male) |
| 22:53 | Construir | Farm |
| 22:53 | Construir | Farm |
| 23:21 | Crear | Plumed Archer |
| 23:22 | Crear | Plumed Archer |
| 23:22 | Crear | Villager (Male) |
| 23:22 | Crear | Villager (Male) |
| 23:30 | Construir | Farm |
| 23:32 | Construir | Farm |
| 23:51 | Crear | Plumed Archer |
| 23:51 | Crear | Plumed Archer |
| 23:51 | Crear | Villager (Male) |
| 23:56 | Construir | Farm |
| 24:22 | Crear | Plumed Archer |
| 24:22 | Crear | Villager (Male) |
| 24:37 | Crear | Villager (Male) |
| 24:52 | Crear | Villager (Male) |
| 24:52 | Crear | Villager (Male) |
| 24:53 | Crear | Plumed Archer |
| 24:53 | Crear | Plumed Archer |
| 24:57 | Construir | Farm |
| 24:58 | Construir | Farm |
| 25:14 | Crear | Villager (Male) |
| 25:23 | Crear | Villager (Male) |
| 25:26 | Crear | Plumed Archer |
| 25:34 | Crear | Villager (Male) |
| 25:35 | Crear | Villager (Male) |
| 25:44 | Crear | Villager (Male) |
| 25:47 | Construir | Farm |
| 25:49 | Construir | Farm |
| 25:50 | Construir | Farm |
| 25:50 | Crear | Villager (Male) |
| 25:51 | Crear | Plumed Archer |
| 25:51 | Crear | Plumed Archer |
| 26:24 | Crear | Villager (Male) |
| 26:24 | Crear | Villager (Male) |
| 26:35 | Crear | Villager (Male) |
| 26:37 | Construir | Farm |
| 26:45 | Construir | University |
| 27:03 | Investigar | Padded Archer Armor |
| 27:15 | Crear | Plumed Archer |
| 27:16 | Crear | Plumed Archer |
| 27:16 | Crear | Plumed Archer |
| 27:16 | Crear | Plumed Archer |
| 27:18 | Crear | Villager (Male) |
| 27:19 | Construir | House |
| 27:20 | Construir | House |
| 27:24 | Investigar | Wheelbarrow |
| 27:43 | Crear | Plumed Archer |
| 27:44 | Crear | Plumed Archer |
| 28:05 | Investigar | Ballistics |
| 28:14 | Crear | Villager (Male) |
| 28:15 | Crear | Villager (Male) |
| 28:15 | Crear | Villager (Male) |
| 28:20 | Construir | House |
| 28:21 | Construir | House |
| 28:24 | Construir | Farm |
| 28:38 | Crear | Plumed Archer |
| 28:38 | Crear | Plumed Archer |
| 28:39 | Crear | Villager (Male) |
| 28:39 | Crear | Villager (Male) |
| 28:40 | Crear | Villager (Male) |
| 29:24 | Crear | Plumed Archer |
| 29:24 | Crear | Plumed Archer |
| 29:24 | Crear | Villager (Male) |
| 29:25 | Crear | Villager (Male) |
Build order — Chiefboy AK
Primeras 150 de 399 acciones detectadas
| 0:28 | Construir | Town Center |
| 2:58 | Crear | Villager (Male) |
| 2:59 | Crear | Villager (Male) |
| 2:59 | Crear | Villager (Male) |
| 2:59 | Crear | Villager (Male) |
| 3:00 | Crear | Villager (Male) |
| 3:09 | Construir | House |
| 3:46 | Construir | House |
| 3:55 | Construir | Mill |
| 4:19 | Construir | House |
| 4:43 | Crear | Villager (Male) |
| 5:03 | Investigar | Loom |
| 5:18 | Crear | Villager (Male) |
| 5:28 | Construir | House |
| 5:45 | Crear | Villager (Male) |
| 5:45 | Crear | Villager (Male) |
| 5:47 | Crear | Villager (Male) |
| 6:26 | Crear | Villager (Male) |
| 6:27 | Crear | Villager (Male) |
| 6:53 | Crear | Villager (Male) |
| 6:53 | Crear | Villager (Male) |
| 7:14 | Crear | Villager (Male) |
| 7:20 | Crear | Villager (Male) |
| 7:20 | Crear | Villager (Male) |
| 7:52 | Construir | Lumber Camp |
| 7:53 | Crear | Villager (Male) |
| 7:53 | Crear | Villager (Male) |
| 8:38 | Crear | Villager (Male) |
| 9:06 | Crear | Villager (Male) |
| 9:16 | Investigar | Feudal Age |
| 10:48 | Construir | Barracks |
| 11:09 | Crear | Villager (Male) |
| 11:09 | Crear | Villager (Male) |
| 11:43 | Investigar | Double-Bit Axe |
| 11:46 | Construir | Stable |
| 11:54 | Construir | House |
| 11:55 | Construir | House |
| 12:04 | Crear | Villager (Male) |
| 12:28 | Investigar | Horse Collar |
| 12:29 | Crear | Villager (Male) |
| 12:35 | Crear | Villager (Male) |
| 12:36 | Crear | Scout Cavalry |
| 12:37 | Crear | Scout Cavalry |
| 12:39 | Crear | Scout Cavalry |
| 12:41 | Crear | Villager (Male) |
| 12:41 | Crear | Villager (Male) |
| 12:55 | Construir | Farm |
| 12:59 | Construir | Farm |
| 13:17 | Construir | Farm |
| 13:21 | Construir | Farm |
| 13:28 | Crear | Villager (Male) |
| 13:41 | Construir | Farm |
| 13:51 | Construir | Farm |
| 14:06 | Crear | Scout Cavalry |
| 14:14 | Construir | House |
| 14:16 | Construir | House |
| 14:22 | Crear | Villager (Male) |
| 14:27 | Construir | Farm |
| 14:31 | Construir | Farm |
| 14:35 | Crear | Scout Cavalry |
| 14:36 | Crear | Villager (Male) |
| 14:36 | Crear | Villager (Male) |
| 14:38 | Crear | Villager (Male) |
| 14:59 | Construir | Farm |
| 15:07 | Construir | Farm |
| 15:29 | Crear | Villager (Male) |
| 15:35 | Construir | Mill |
| 15:46 | Crear | Villager (Male) |
| 15:56 | Construir | Farm |
| 16:06 | Crear | Villager (Male) |
| 16:22 | Construir | Mining Camp |
| 16:24 | Crear | Villager (Male) |
| 16:42 | Construir | House |
| 16:47 | Crear | Villager (Male) |
| 17:02 | Construir | Blacksmith |
| 17:04 | Construir | House |
| 17:06 | Construir | House |
| 17:07 | Construir | House |
| 17:11 | Construir | House |
| 17:11 | Construir | House |
| 17:18 | Crear | Villager (Male) |
| 17:20 | Investigar | Wheelbarrow |
| 18:05 | Construir | Lumber Camp |
| 18:59 | Investigar | Castle Age |
| 19:31 | Construir | House |
| 19:42 | Construir | Stable |
| 19:50 | Construir | Stable |
| 19:58 | Construir | Farm |
| 20:11 | Construir | House |
| 20:22 | Investigar | Scale Barding Armor |
| 20:23 | Investigar | Scale Barding Armor |
| 20:25 | Investigar | Bloodlines |
| 20:26 | Investigar | Bloodlines |
| 20:28 | Investigar | Gold Mining |
| 20:42 | Construir | Mining Camp |
| 20:51 | Construir | Farm |
| 20:53 | Construir | Farm |
| 20:56 | Crear | Villager (Male) |
| 20:56 | Crear | Villager (Male) |
| 21:05 | Construir | Farm |
| 22:07 | Crear | Villager (Male) |
| 22:12 | Crear | Shrivamsha Rider ×5 |
| 22:13 | Crear | Shrivamsha Rider ×5 |
| 22:13 | Crear | Shrivamsha Rider |
| 22:40 | Construir | Town Center |
| 22:45 | Investigar | Bow Saw |
| 22:49 | Crear | Villager (Male) |
| 22:50 | Crear | Villager (Male) |
| 23:16 | Crear | Villager (Male) |
| 23:22 | Construir | Town Center |
| 24:02 | Crear | Villager (Male) |
| 24:05 | Crear | Shrivamsha Rider ×4 |
| 24:06 | Crear | Shrivamsha Rider ×4 |
| 24:14 | Crear | Villager (Male) |
| 24:26 | Construir | Market |
| 24:48 | Investigar | Chain Barding Armor |
| 24:48 | Investigar | Chain Barding Armor |
| 24:57 | Crear | Villager (Male) |
| 25:03 | Construir | Farm |
| 25:14 | Crear | Villager (Male) |
| 25:14 | Crear | Villager (Male) |
| 25:26 | Construir | Farm |
| 25:29 | Construir | Farm |
| 25:32 | Construir | Farm |
| 25:34 | Crear | Villager (Male) ×2 |
| 25:34 | Crear | Villager (Male) ×2 |
| 25:40 | Construir | Farm |
| 25:49 | Construir | House |
| 25:54 | Construir | Farm |
| 25:54 | Construir | Farm |
| 26:00 | Crear | Villager (Male) ×3 |
| 26:07 | Crear | Shrivamsha Rider ×3 |
| 26:07 | Crear | Shrivamsha Rider ×3 |
| 26:18 | Crear | Shrivamsha Rider |
| 26:18 | Crear | Shrivamsha Rider |
| 26:26 | Construir | Farm |
| 26:29 | Construir | Farm |
| 26:33 | Crear | Villager (Male) ×3 |
| 26:33 | Crear | Villager (Male) ×3 |
| 26:44 | Crear | Shrivamsha Rider ×2 |
| 26:44 | Crear | Shrivamsha Rider ×2 |
| 26:46 | Crear | Villager (Male) |
| 26:47 | Crear | Villager (Male) |
| 27:02 | Crear | Villager (Male) ×2 |
| 27:02 | Crear | Villager (Male) ×2 |
| 27:12 | Crear | Villager (Male) |
| 27:12 | Crear | Villager (Male) |
| 27:17 | Construir | Farm |
| 27:17 | Construir | Farm |
| 27:18 | Construir | Farm |
Build order — Caveman
Primeras 150 de 262 acciones detectadas
| 0:04 | Construir | House |
| 0:49 | Construir | Town Center |
| 3:12 | Crear | Villager (Male) |
| 3:12 | Crear | Villager (Male) |
| 3:12 | Crear | Villager (Male) |
| 3:13 | Crear | Villager (Male) |
| 3:13 | Crear | Villager (Male) |
| 4:58 | Construir | House |
| 5:19 | Crear | Villager (Male) |
| 5:19 | Crear | Villager (Male) |
| 5:20 | Crear | Villager (Male) |
| 6:02 | Crear | Villager (Male) |
| 6:02 | Crear | Villager (Male) |
| 6:07 | Construir | House |
| 6:17 | Construir | House |
| 6:27 | Construir | House |
| 6:36 | Construir | House |
| 6:55 | Construir | House |
| 7:01 | Construir | House |
| 7:13 | Crear | Villager (Male) |
| 7:13 | Crear | Villager (Male) |
| 8:26 | Crear | Villager (Male) |
| 8:26 | Crear | Villager (Male) |
| 8:36 | Construir | House |
| 9:31 | Crear | Villager (Male) |
| 9:32 | Crear | Villager (Male) |
| 9:32 | Crear | Villager (Male) |
| 9:32 | Crear | Villager (Male) |
| 9:33 | Crear | Villager (Male) |
| 9:54 | Construir | Barracks |
| 10:41 | Construir | Mill |
| 11:15 | Crear | Villager (Male) |
| 11:15 | Crear | Villager (Male) |
| 12:11 | Construir | House |
| 12:38 | Construir | House |
| 12:54 | Construir | Palisade Wall |
| 12:54 | Construir | Palisade Wall |
| 12:57 | Construir | Palisade Wall |
| 13:06 | Investigar | Feudal Age |
| 13:10 | Investigar | Loom |
| 13:11 | Investigar | Feudal Age |
| 14:18 | Construir | Palisade Wall |
| 14:39 | Construir | Farm |
| 14:45 | Construir | Farm |
| 15:38 | Construir | Farm |
| 15:38 | Construir | Farm |
| 15:39 | Construir | Farm |
| 15:39 | Construir | Farm |
| 15:39 | Construir | Farm |
| 15:45 | Edad | Edad Feudal |
| 15:55 | Construir | Stable |
| 16:03 | Crear | Spearman |
| 16:04 | Crear | Spearman |
| 16:04 | Crear | Spearman |
| 16:38 | Construir | Palisade Wall |
| 16:46 | Crear | Spearman |
| 16:46 | Crear | Spearman |
| 17:02 | Construir | Market |
| 17:06 | Crear | Spearman |
| 17:07 | Crear | Spearman |
| 17:44 | Construir | House |
| 18:04 | Construir | Farm |
| 18:35 | Construir | Blacksmith |
| 18:44 | Crear | Villager (Male) |
| 19:19 | Construir | Mill |
| 19:44 | Investigar | Castle Age |
| 20:23 | Investigar | Horse Collar |
| 20:54 | Construir | Lumber Camp |
| 21:20 | Crear | Villager (Male) |
| 21:21 | Crear | Villager (Male) |
| 22:05 | Crear | Villager (Male) |
| 22:24 | Edad | Edad de los Castillos |
| 22:29 | Crear | Villager (Male) |
| 22:42 | Crear | Villager (Male) |
| 23:10 | Construir | Town Center |
| 23:17 | Crear | Villager (Male) |
| 23:18 | Crear | Villager (Male) |
| 23:39 | Crear | Spearman |
| 23:39 | Crear | Spearman |
| 23:39 | Crear | Spearman |
| 24:10 | Construir | Stable |
| 24:31 | Crear | Villager (Male) |
| 24:51 | Crear | Villager (Male) |
| 24:52 | Crear | Villager (Male) |
| 24:53 | Construir | Farm |
| 24:53 | Construir | Farm |
| 24:54 | Construir | Farm |
| 24:54 | Construir | Farm |
| 25:30 | Investigar | Double-Bit Axe |
| 25:45 | Crear | Scout Cavalry |
| 26:19 | Construir | House |
| 26:27 | Construir | Monastery |
| 26:29 | Crear | Villager (Male) |
| 26:30 | Crear | Villager (Male) |
| 26:33 | Crear | Scout Cavalry |
| 26:35 | Crear | Scout Cavalry |
| 26:49 | Crear | Villager (Male) |
| 27:02 | Construir | Mining Camp |
| 27:08 | Construir | Farm |
| 27:09 | Construir | Farm |
| 27:11 | Crear | Villager (Male) |
| 27:21 | Construir | Farm |
| 27:26 | Construir | Farm |
| 27:47 | Crear | Villager (Male) |
| 27:47 | Crear | Villager (Male) |
| 28:06 | Crear | Villager (Male) |
| 28:35 | Crear | Villager (Male) |
| 28:36 | Crear | Villager (Male) |
| 28:36 | Crear | Villager (Male) |
| 29:14 | Crear | Villager (Male) |
| 29:15 | Crear | Villager (Male) |
| 29:23 | Crear | Monk |
| 29:31 | Construir | House |
| 29:55 | Crear | Scout Cavalry |
| 29:55 | Crear | Scout Cavalry |
| 30:06 | Crear | Villager (Male) |
| 30:45 | Construir | Siege Workshop |
| 31:15 | Construir | Siege Workshop |
| 31:16 | Crear | Villager (Male) |
| 31:16 | Crear | Villager (Male) |
| 31:58 | Crear | Scout Cavalry |
| 31:58 | Crear | Scout Cavalry |
| 32:34 | Construir | Town Center |
| 32:54 | Crear | Mangonel |
| 32:55 | Crear | Mangonel |
| 33:01 | Construir | House |
| 33:02 | Construir | House |
| 33:03 | Construir | House |
| 33:04 | Construir | House |
| 33:06 | Crear | Villager (Male) |
| 33:06 | Crear | Villager (Male) |
| 33:22 | Construir | House |
| 33:23 | Construir | House |
| 33:25 | Construir | House |
| 33:26 | Construir | House |
| 33:28 | Construir | House |
| 33:28 | Construir | House |
| 33:30 | Construir | House |
| 33:39 | Crear | Villager (Male) |
| 33:40 | Crear | Villager (Male) |
| 34:04 | Crear | Monk |
| 34:04 | Crear | Monk |
| 34:21 | Construir | Monastery |
| 34:24 | Crear | Villager (Male) |
| 34:24 | Crear | Villager (Male) |
| 34:43 | Crear | Mangonel |
| 34:43 | Crear | Mangonel |
| 35:09 | Crear | Villager (Male) |
| 35:33 | Crear | Villager (Male) |
| 35:39 | Construir | Lumber Camp |
Build order — Ice2207
Primeras 150 de 409 acciones detectadas
| 0:06 | Construir | Town Center |
| 1:57 | Construir | House |
| 2:15 | Crear | Villager (Male) |
| 2:15 | Crear | Villager (Male) |
| 2:15 | Crear | Villager (Male) |
| 2:16 | Crear | Villager (Male) |
| 2:16 | Crear | Villager (Male) |
| 3:08 | Construir | House |
| 3:24 | Construir | House |
| 3:50 | Investigar | Loom |
| 4:22 | Crear | Villager (Male) |
| 4:22 | Crear | Villager (Male) |
| 4:38 | Construir | House |
| 4:42 | Crear | Villager (Male) |
| 4:43 | Crear | Villager (Male) |
| 5:12 | Crear | Villager (Male) |
| 5:13 | Crear | Villager (Male) |
| 5:16 | Construir | House |
| 5:40 | Crear | Villager (Male) |
| 5:45 | Construir | House |
| 6:05 | Crear | Villager (Male) |
| 6:06 | Crear | Villager (Male) |
| 6:25 | Crear | Villager (Male) |
| 6:34 | Construir | Mill |
| 6:49 | Crear | Villager (Male) |
| 7:01 | Crear | Villager (Male) |
| 7:20 | Construir | House |
| 7:33 | Crear | Villager (Male) |
| 7:36 | Construir | House |
| 8:00 | Crear | Villager (Male) |
| 8:25 | Crear | Villager (Male) |
| 8:40 | Crear | Villager (Male) |
| 9:11 | Crear | Villager (Male) |
| 9:24 | Construir | Mining Camp |
| 9:58 | Investigar | Feudal Age |
| 10:35 | Crear | Villager (Male) |
| 10:36 | Crear | Villager (Male) |
| 11:22 | Construir | Barracks |
| 11:36 | Construir | Mill |
| 12:01 | Crear | Villager (Male) |
| 12:10 | Construir | Stable |
| 12:58 | Crear | Scout Cavalry |
| 12:58 | Crear | Scout Cavalry |
| 13:09 | Construir | House |
| 13:10 | Construir | House |
| 13:12 | Crear | Villager (Male) |
| 13:17 | Construir | Lumber Camp |
| 13:49 | Crear | Villager (Male) |
| 13:53 | Construir | House |
| 13:55 | Construir | House |
| 14:04 | Construir | Farm |
| 14:05 | Investigar | Double-Bit Axe |
| 14:08 | Crear | Villager (Male) |
| 14:09 | Crear | Scout Cavalry |
| 14:41 | Construir | Blacksmith |
| 14:44 | Crear | Villager (Male) |
| 14:47 | Crear | Scout Cavalry |
| 15:13 | Crear | Villager (Male) |
| 15:31 | Crear | Villager (Male) |
| 15:36 | Construir | Farm |
| 15:40 | Construir | Farm |
| 15:55 | Crear | Villager (Male) |
| 16:16 | Crear | Villager (Male) |
| 16:29 | Construir | Farm |
| 16:35 | Construir | Farm |
| 16:53 | Construir | Blacksmith |
| 16:56 | Crear | Villager (Male) |
| 17:25 | Crear | Villager (Male) |
| 17:45 | Investigar | Castle Age |
| 18:30 | Construir | Farm |
| 18:30 | Construir | Farm |
| 18:30 | Construir | Farm |
| 18:31 | Construir | Farm |
| 18:31 | Construir | Farm |
| 18:31 | Construir | Farm |
| 18:45 | Construir | Stable |
| 18:53 | Construir | Farm |
| 18:56 | Investigar | Scale Barding Armor |
| 19:11 | Crear | Villager (Male) |
| 19:12 | Crear | Villager (Male) |
| 19:26 | Investigar | Bloodlines |
| 19:46 | Construir | House |
| 19:53 | Construir | Palisade Gate |
| 20:14 | Construir | Farm |
| 20:23 | Construir | Farm |
| 20:36 | Crear | Steppe Lancer |
| 20:37 | Crear | Steppe Lancer |
| 20:40 | Crear | Steppe Lancer |
| 20:43 | Crear | Steppe Lancer |
| 20:49 | Construir | House |
| 20:51 | Construir | House |
| 21:16 | Construir | Town Center |
| 21:22 | Crear | Villager (Male) |
| 21:32 | Construir | House |
| 21:58 | Crear | Steppe Lancer |
| 21:58 | Crear | Steppe Lancer |
| 22:14 | Crear | Villager (Male) |
| 22:17 | Crear | Knight |
| 22:19 | Crear | Steppe Lancer |
| 22:19 | Crear | Steppe Lancer |
| 22:59 | Crear | Steppe Lancer |
| 22:59 | Crear | Steppe Lancer |
| 23:03 | Crear | Villager (Male) |
| 23:24 | Crear | Knight |
| 23:26 | Crear | Steppe Lancer |
| 23:33 | Crear | Villager (Male) |
| 23:33 | Crear | Villager (Male) |
| 23:50 | Crear | Knight |
| 23:58 | Construir | Market |
| 24:28 | Crear | Knight |
| 24:29 | Crear | Knight |
| 24:30 | Crear | Knight |
| 24:30 | Crear | Knight |
| 24:32 | Crear | Villager (Male) |
| 24:32 | Crear | Villager (Male) |
| 25:16 | Construir | Farm |
| 25:22 | Crear | Villager (Male) |
| 25:22 | Crear | Villager (Male) |
| 26:00 | Crear | Villager (Male) |
| 26:00 | Crear | Villager (Male) |
| 26:21 | Construir | Siege Workshop |
| 26:25 | Crear | Villager (Male) |
| 26:25 | Crear | Villager (Male) |
| 26:31 | Crear | Knight |
| 26:32 | Crear | Knight |
| 26:37 | Construir | Farm |
| 26:46 | Crear | Villager (Male) |
| 26:46 | Crear | Villager (Male) |
| 27:13 | Construir | Farm |
| 27:13 | Construir | Farm |
| 27:14 | Construir | Farm |
| 27:14 | Construir | Farm |
| 27:14 | Construir | Farm |
| 27:14 | Construir | Farm |
| 27:21 | Crear | Villager (Male) |
| 27:21 | Crear | Villager (Male) |
| 27:33 | Crear | Mangonel |
| 27:46 | Investigar | Chain Barding Armor |
| 28:01 | Crear | Villager (Male) |
| 28:09 | Crear | Knight |
| 28:43 | Crear | Villager (Male) |
| 28:44 | Crear | Villager (Male) |
| 29:07 | Crear | Villager (Male) |
| 29:07 | Crear | Villager (Male) |
| 29:20 | Crear | Mangonel |
| 29:21 | Crear | Villager (Male) |
| 29:21 | Crear | Villager (Male) |
| 29:52 | Crear | Knight |
| 29:53 | Crear | Knight |
| 29:53 | Crear | Knight |
Cronología de la partida
| 7:38 | Flux · wall_segment Palisade Wall x1 |
| 9:54 | Caveman · first_building Barracks |
| 10:48 | Chiefboy AK · first_building Barracks |
| 11:22 | Ice2207 · first_building Barracks |
| 11:46 | Chiefboy AK · first_building Stable |
| 11:50 | Flux · wall_segment Palisade Wall x1 |
| 12:10 | Ice2207 · first_building Stable |
| 12:54 | Caveman · wall_segment Palisade Wall x3 |
| 12:54 | Caveman · wall_segment Palisade Wall x1 |
| 12:57 | Caveman · wall_segment Palisade Wall x5 |
| 13:32 | Flux · wall_segment Palisade Wall x1 |
| 14:13 | Flux · age_up feudal |
| 14:18 | Caveman · wall_segment Palisade Wall x1 |
| 15:16 | Flux · wall_segment Palisade Wall x1 |
| 15:45 | Caveman · age_up feudal |
| 15:55 | Caveman · first_building Stable |
| 16:38 | Caveman · wall_segment Palisade Wall x1 |
| 18:15 | Flux · age_up castle |
| 18:24 | Flux · first_building Castle |
| 19:39 | Caveman · first_market_sell 100 food |
| 22:24 | Caveman · age_up castle |
| 25:35 | Ice2207 · first_market_sell 100 wood |
| 25:37 | Ice2207 · first_market_buy 100 food |
| 26:04 | Chiefboy AK · first_market_buy 100 food |
| 26:21 | Ice2207 · first_building Siege Workshop |
| 26:27 | Caveman · first_building Monastery |
| 27:58 | Flux · first_market_sell 100 wood |
| 30:26 | Chiefboy AK · wall_segment Palisade Wall x1 |
| 30:45 | Caveman · first_building Siege Workshop |
| 31:35 | Chiefboy AK · first_building Monastery |
| 32:39 | Chiefboy AK · first_building Castle |
| 33:47 | Chiefboy AK · first_market_sell 100 food |
| 34:30 | Flux · first_building Monastery |
| 34:56 | Chiefboy AK · first_building Archery Range |
| 38:30 | Flux · first_building Barracks |
| 40:17 | Flux · age_up imperial |
| 40:30 | Ice2207 · first_building Monastery |
| 41:07 | Flux · first_building Archery Range |
| 42:51 | Caveman · first_market_buy 100 food |
| 43:45 | Ice2207 · first_building Archery Range |
| 50:10 | Ice2207 · first_building Castle |
| 52:31 | Flux · resign |
[ ANÁLISIS IA · 1 CRÉDITO ]
¿Qué pasó realmente en esta partida?
Wolo.gg analiza cada decisión: build order, eco, micro, errores típicos por bracket. Análisis personalizado por WhatsApp o Discord en 30 segundos.
Guía civ
Maya
Guía mapa
MegaRandom
Perfil
Flux